 Dungeon Crawl Stone Soup version 0.28.0 (webtiles) character file.

Game seed: 16249341330658377

53 dolemite99 the Chopper (level 3, -2/29 HPs)
             Began as a Demonspawn Fighter on Feb 13, 2022.
             Slain by an orc (8 damage)
             ... on level 3 of the Dungeon.
             The game lasted 00:01:32 (1426 turns).

dolemite99 the Chopper (Demonspawn Fighter)         Turns: 1426, Time: 00:01:33

Health: -2/29      AC:  9    Str: 18    XL:     3   Next: 64%
Magic:  3/3        EV:  9    Int: 11    God:
Gold:   40         SH:  0    Dex: 12    Spells: 2/2 levels left

rFire   . . .      SeeInvis .   a - +0 war axe
rCold   . . .      Faith    .   c - +0 buckler
rNeg    . . .      Spirit   .   b - +0 scale mail
rPois   .          Reflect  .   f - +2 helmet
rElec   .          Harm     .   (no cloak)
rCorr   .          Rampage  .   (no gloves)
Will    +....                   (no boots)
Stlth   ..........              (no amulet)
HPRegen 0.09/turn               (no ring)
MPRegen 0.08/turn               (no ring)

@: confused, ambrosia-drunk
A: spiny 1, clever 1, strong-willed 1
a: no special abilities


You were on level 3 of the Dungeon.
You visited 1 branch of the dungeon, and saw 3 of its levels.

You collected 40 gold pieces.

Inventory:

Hand Weapons
 a - a +0 war axe (weapon)
Missiles
 j - 24 bolts
 k - 20 arrows
Armour
 b - a +0 scale mail (worn)
 c - a +0 buckler (worn)
 f - a +2 helmet (worn)
Scrolls
 h - a scroll of holy word {unknown}
Potions
 d - a potion of might
 g - a potion of mutation
 i - a potion of curing {unknown}


   Skills:
 - Level 3.0 Fighting
 + Level 3.7 Axes
 - Level 2.6 Armour
 - Level 2.6 Shields


You had 2 spell levels left.
You didn't know any spells.
Your spell library was empty.

Dungeon Overview and Level Annotations

Branches:
Dungeon (2/15)

Altars:

Annotations:
D:3 3 runed translucent doors


Innate Abilities, Weirdness & Mutations

You are partially covered in sharp spines.
Your mind is acute. (Int +2)
You are strong-willed. (Will+)


Message History

An orc is nearby!
Found a stone staircase leading down.
The orc throws a boomerang.
You block the boomerang.
There are monsters nearby!
The orc throws a boomerang.
The boomerang hits you but does no damage.
An adder comes into view.
The adder hisses angrily.
An adder is nearby!
The orc is struck by your spines. The orc hits you but does no damage.
You slash the orc!
You kill the orc!
You slash the orc!
You kill the orc!
The adder bites you.
You are poisoned.
The adder poisons you! You block the orc priest's attack.
You slash the adder!
You kill the adder!
You barely miss the orc priest.
You feel sick.
The orc priest calls down the wrath of Beogh upon you.
Pain shoots through your body!
You barely miss the orc priest.
You feel sick.
The orc priest invokes the aid of Beogh against you.
Beogh smites you!
Ouch! That really hurt!
* * * LOW HITPOINT WARNING * * *
You hit the orc priest.
The orc priest is moderately wounded.
You feel sick.
You are no longer poisoned.
The orc priest casts a cantrip, but nothing happens.
The orc priest closely misses you.
It was a potion of mutation.
You feel extremely strange.
You feel clever.
You feel strong-willed.
It was a potion of ambrosia.
You are confused.
You feel invigorated. The orc is struck by your spines.
The orc hits you with a +0 flail!
You die...

.....#
########.....#.
...............
#.:.......
#o#.....#.
.#####o###.###
..>......##.#
#####.#.o##.#
#.#..#.#@###...
.#..#.##oo.......
..#...####.......#
...+... ..####..#
...+... #.# .#
..+... ..# .#..
... ... .#


You could see an orc priest and an orc.

Vanquished Creatures
  An adder (D:3)
  2 worms (D:2)
  A dart slug (D:2)
  2 orcs (D:3)
  6 ball pythons (D:1)
  A bat (D:1)
  6 endoplasms
  2 giant cockroaches (D:1)
  2 hobgoblins
  3 jackals (D:1)
  3 quokkas
  A frilled lizard (D:1)
  A rat (D:1)
31 creatures vanquished.

Notes
Turn   | Place    | Note
-------+----------+-------------------------------------------
     0 | D:1      | dolemite99 the Demonspawn Fighter began the quest for the
                  | Orb.
     0 | D:1      | Reached XP level 1. HP: 18/18 MP: 1/1
    78 | D:1      | Gained mutation: You are partially covered in sharp spines.
                  | [demonic ancestry]
    78 | D:1      | Reached XP level 2. HP: 7/24 MP: 2/2
   685 | D:1      | Found a faded altar of an unknown god.
  1145 | D:2      | Reached XP level 3. HP: 25/29 MP: 3/3
  1409 | D:2      | You fall into a shaft and drop 1 floor!
  1412 | D:3      | Found a runed translucent gate.
  1412 | D:3      | Found a runed translucent gate.
  1412 | D:3      | Found a runed translucent gate.
  1425 | D:3      | Gained mutation: Your mind is acute. (Int +2) [potion of
                  | mutation]
  1425 | D:3      | Gained mutation: You are strong-willed. (Will+) [potion of
                  | mutation]
  1426 | D:3      | Slain by an orc

Illustrated notes

Levels and vault maps discovered:
D:1:      shiori_arrival_maze, layout_basic, nicolae_ecumenical_snake_handling
D:2:      layout_loops_corners, basic_altar, grunt_decor_resistance,
          minivault_26, kennysheep_jessica_study
D:3:      layout_loops_ring, mainiacjoe_overflow_chevrons,
          gammafunk_ghost_cemetery, kennysheep_big_empty_room, minmay_circle_x

Skill      XL: |  1  2 |
---------------+-------+-----
Axes           | 2 3 |  3.7
Fighting       | |  3.0
Armour         | |  2.6
Shields        | |  2.6

Action                   || total
-------------------------++-------
Melee: War axe           ||    70
  Use: Potion            ||     2
Armor: Scale mail        ||    39
Dodge: Dodged            ||    25
Block: Buckler           ||    14
